 Dungeon Crawl Stone Soup version 0.25.0-10-g039870ee82 (webtiles) character file.

Game seed: 13774026980413016164

167858 Peloso the Peltast (level 17, -14/160 HPs)
             Began as a Minotaur Fighter on June 22, 2020.
             Was the Champion of Okawaru.
             Demolished by a seven-headed hydra simulacrum (29 damage)
             ... on level 4 of the Swamp.
             The game lasted 01:46:16 (40802 turns).

Peloso the Peltast (Minotaur Fighter)              Turns: 40802, Time: 01:46:16

Health: -14/160    AC: 33    Str: 27    XL:     17   Next: 32%
Magic:  16/18      EV: 16    Int:  5    God:    Okawaru [******]
Gold:   2585       SH: 18    Dex: 17    Spells: 16/16 levels left

rFire    . . .     SeeInvis .   b - +3 scimitar (flame)
rCold    . . .     Gourm    .   c - +0 kite shield
rNeg     . . .     Faith    +   e - +2 plate armour {rPois}
rPois    +         Spirit   .   y - +2 hat
rElec    .         Reflect  .   u - +2 cloak
rCorr    .         Harm     .   C - +0 pair of gloves
MR       +....                  (no boots)
Stlth    ..........             R - amulet of faith
HPRegen  0.36/turn              n - +6 ring of dexterity
MPRegen  0.16/turn              D - +4 ring of protection

@: about to teleport, heroism
A: retaliatory headbutt, horns 2
a: Heroism, Finesse, Renounce Religion


You were on level 4 of the Swamp.
You worshipped Okawaru.
Okawaru was exalted by your worship.
You were near starving.

You visited 5 branches of the dungeon, and saw 28 of its levels.
You also visited: Ice Cave.

You collected 3187 gold pieces.
You spent 602 gold pieces at shops.

Inventory:

Hand Weapons
 a - the +10 long sword "Ichas" {vorpal, +Inv rElec rC- Str+2}
   (Okawaru gifted it to you on level 4 of the Swamp)

   It inflicts extra damage upon your enemies.
   It affects your strength (+2).
   It makes you vulnerable to cold.
   It insulates you from electricity.
   It lets you turn invisible.
 b - a +3 scimitar of flaming (weapon)
 g - a +1 demon blade of draining
 j - the +8 dagger of Kemm {elec, SInv}
   (Okawaru gifted it to you on level 2 of the Orcish Mines)

   Occasionally, upon striking a foe, it will discharge some electrical energy
   and cause terrible harm.
   It lets you see invisible.
 H - the +8 long sword of the Orb {vorpal, rElec}
   (You bought it in a shop on level 2 of the Orcish Mines)

   It inflicts extra damage upon your enemies.
   It insulates you from electricity.
Armour
 c - a +0 kite shield (worn)
 e - a +2 plate armour of poison resistance (worn)
 t - the +7 plate armour of Kuom {Str+4}
   (Okawaru gifted it to you on level 3 of the Lair of Beasts)

   It affects your strength (+4).
 u - a +2 cloak (worn)
 y - a +2 hat (worn)
 C - a +0 pair of gloves (worn)
 F - +0 swamp dragon scales
 I - the +0 plate armour of Xoess {rCorr Str+3 SInv}
   (You found it in an ice cave)

   It affects your strength (+3).
   It lets you see invisible.
   It provides partial protection from all sources of acid and corrosion.
 S - a scarf of invisibility
Jewellery
 n - a +6 ring of dexterity (left hand)
 o - an uncursed ring of flight {unknown}
 v - an uncursed ring of see invisible
 z - an uncursed amulet of magic regeneration {unknown}
 D - a +4 ring of protection (right hand)
 R - an amulet of faith (around neck)
Wands
 E - a wand of digging (3)
Scrolls
 i - a scroll of identify
 m - 9 scrolls of remove curse
 q - 3 scrolls of enchant armour
 r - 5 scrolls of teleportation
 x - 4 scrolls of magic mapping
 G - a scroll of fog
 K - a scroll of silence
 L - a scroll of fear
 M - a scroll of blinking
Potions
 h - 2 potions of flight
 k - a potion of berserk rage
 l - 5 potions of resistance
 p - 7 potions of curing
 s - 2 potions of haste
 w - a potion of stabbing
 A - 3 potions of magic
 B - 3 potions of cancellation
 J - 2 potions of brilliance
 V - 5 potions of heal wounds
Miscellaneous
 d - 2 phantom mirrors
Comestibles
 f - 49 rations


   Skills:
 + Level 16.8(21.8) Fighting
 + Level 7.4(17.8) Short Blades
 + Level 17.3(22.8) Long Blades
 + Level 16.2(21.2) Armour
 + Level 7.2(12.2) Dodging
 + Level 2.3(7.3) Stealth
 + Level 19.2(24.2) Shields
 + Level 3.1 Invocations
 + Level 1.0 Evocations


You had 16 spell levels left.
You didn't know any spells.
Your spell library contained the following spells:

 Spells                   Type           Power        Failure   Level  Hunger
 Apportation              Tloc           #.....       93%         1    ##.....
 Corona                   Hex            #......      93%         1    ##.....
 Foxfire                  Conj/Fire      #...         93%         1    ##.....
 Magic Dart               Conj           #...         93%         1    ##.....
 Summon Butterflies       Summ           #.......     93%         1    ##.....
 Blink                    Tloc           N/A          98%         2    ###....
 Call Imp                 Summ           #.......     98%         2    ###....
 Ensorcelled Hibernation  Hex/Ice        #.....       98%         2    ###....
 Poisonous Vapours        Pois/Air       #.....       98%         2    ###....
 Shroud of Golubria       Chrm/Tloc      #.....       98%         2    ###....
 Slow                     Hex            #.......     98%         2    ###....
 Call Canine Familiar     Summ           #.......     100%        3    ####...
 Confusing Touch          Hex            #.......     100%        3    ####...
 Conjure Flame            Conj/Fire      #.......     100%        3    ####...
 Dazzling Flash           Conj/Hex       #.....       100%        3    ####...
 Gell's Gravitas          Tloc           #.........   100%        3    ####...
 Inner Flame              Hex/Fire       #.......     100%        3    ####...
 Lesser Beckoning         Tloc           #.........   100%        3    ####...
 Mephitic Cloud           Conj/Pois/Air  #.......     100%        3    ####...
 Static Discharge         Conj/Air       #.......     100%        3    ####...
 Teleport Other           Tloc           #.......     100%        3    ####...
 Tukima's Dance           Hex            #.......     100%        3    ####...
 Passage of Golubria      Tloc           N/A          100%        4    #####..
 Sticky Flame             Conj/Fire      #.......     100%        4    #####..
 Summon Ice Beast         Ice/Summ       #.......     100%        4    #####..
 Alistair's Intoxication  Tmut/Pois      #.......     100%        5    ######.
 Fireball                 Conj/Fire      #.........   100%        5    ######.
 Lightning Bolt           Conj/Air       #.........   100%        5    ######.
 Summon Mana Viper        Hex/Summ       #.......     100%        5    ######.
 Freezing Cloud           Conj/Ice/Air   #.........   100%        6    #######
 Invisibility             Hex            #.......     100%        6    #######
 Ring of Flames           Chrm/Fire      #.........   100%        7    #######
 Summon Hydra             Summ           #.........   100%        7    #######
 Ignition                 Fire           #.........   100%        8    #######
 Shatter                  Erth           #.........   100%        9    #######
 Tornado                  Air            #.........   100%        9    #######


Dungeon Overview and Level Annotations

Branches:
Dungeon (15/15)            Temple (1/1) D:7            Lair (6/6) D:11
  Swamp (4/4) Lair:2       Spider (0/4) Lair:4        Slime (0/5) Lair:6
    Orc (2/2) D:11            Elf (0/3) Orc:2        Vaults (0/5) D:13
 Depths (0/5) D:15          IceCv (visited)

Altars:
Ashenzari
Cheibriados
Dithmenos
Elyvilon
Fedhas
Gozag
Hepliaklqana
Kikubaaqudgha
Makhleb
Nemelex Xobeh
Okawaru
Qazlal
Ru
Sif Muna
Trog
Uskayaw
Vehumet
Wu Jian
Xom
Yredelemnul
Zin
The Shining One
Beogh

Shops:
D:5 ?   D:6 %   D:10 *   Orc:1 [*   Orc:2 [[([!

Annotations:
Swamp:4 2 transporters, ohados's ghost, adept NaIE


Innate Abilities, Weirdness & Mutations

You reflexively headbutt those who attack you in melee.
You have a pair of horns on your head.


Message History

* * * LOW HITPOINT WARNING * * *
The four-headed hydra simulacrum freezes you!
* * * LOW HITPOINT WARNING * * *
The four-headed hydra simulacrum bites you but does no damage.
You chop one of the four-headed hydra simulacrum's heads off!
You slice the three-headed hydra simulacrum!!
You melt the three-headed hydra simulacrum!
The three-headed hydra simulacrum vapourises!
Okawaru accepts your kill.
Unknown command.
As you read the scroll of teleportation, it crumbles to dust.
You feel strangely unstable.
The seven-headed hydra simulacrum bites you but does no damage. x2
You block the seven-headed hydra simulacrum's attack.
The seven-headed hydra simulacrum bites you but does no damage. x2
You block the seven-headed hydra simulacrum's attack.
The seven-headed hydra simulacrum bites you!
* * * LOW HITPOINT WARNING * * *
The seven-headed hydra simulacrum freezes you!!
You die...

≈°°° ≈≈○ .≈° ..
♣♣♣♣♣♣ ♣D# ♣♣♣≈≈≈≈♣
##.Z# ♣♣≈≈≈≈≈≈≈
##ZZ# ♣♣≈≈≈≈≈.≈≈
#.@# ♣♣≈≈≈≈..♣..
#..# ♣≈≈≈≈......
#!.# ♣♣≈≈..♣.≈.≈
#..♣# ♣♣≈≈.≈≈≈..
##..##♣♣♣♣♣♣♣♣.≈..≈
###..#♣≈≈♣♣ ♣♣.♣.♣.
#...##♣≈≈≈♣♣♣.≈.♣♣♣
##♣.## ♣≈≈≈♣.≈≈.♣..
##..#♣♣≈≈..≈≈≈≈≈..


You could see an ice dragon, 2 seven-headed hydra simulacra and a five-headed
hydra simulacrum.

Vanquished Creatures
  Saint Roka (Orc:2)
  Rupert (D:14)
  Jorgrun (Orc:1)
  Gastronok (D:8)
  4 thorn hunters
  Roxanne (D:14)
  Agnes (D:15)
  An azure jelly (Swamp:4)
  A frost giant (D:15)
  The ghost of tatocazan the Carver, a journeyman MiFi of Okawaru (Orc:2)
  2 stone giants
  A minotaur (Orc:2)
  An ettin (Orc:2)
  A fire dragon (Lair:6)
  Harold (Lair:2)
  8 hydras
  3 centaur warriors
  A death knight (D:11)
  3 shambling mangroves (Swamp:1)
  An ice dragon (Swamp:4)
  6 ghost crabs
  5 two-headed ogres
  2 dancing weapons (D:13)
  A catoblepas (Lair:5)
  2 ogre magi (D:14)
  16 alligators
  Urug (Lair:6)
  10 death yaks
  Sonja (D:10)
  Nergalle (Lair:4)
  An unseen horror (D:14)
  6 spriggan druids
  A wizard (D:15)
  Pikel (D:8)
  2 swamp dragons
  A necromancer (IceCv)
  An orc knight (Orc:2)
  A deep elf mage (D:14)
  An orb spider (Lair:4)
  5 cyclopes
  2 wolf spiders
  4 manticores
  2 orc sorcerers (Orc:2)
  3 oklob plants (Lair:6)
  4 ugly things
  An elephant (shapeshifter) (D:15)
  10 elephants
  5 apocalypse crabs (Swamp:2)
  The ghost of miscthings the Basher, a novice GrMo of Okawaru (D:9)
  4 black mambas
  A guardian serpent (shapeshifter) (D:15)
  5 ice statues
  2 gargoyles
  A water nymph (shapeshifter) (D:15)
  2 centaur zombies
  4 centaur skeletons
  22 spiny frogs
  An efreet (D:14)
  3 rime drakes
  4 kobold demonologists
  11 komodo dragons
  A yaktaur (D:15)
  5 freezing wraiths
  9 ice devils (IceCv)
  5 trolls
  3 meliai (D:14)
  13 polar bears
  A queen bee (Lair:3)
  A wolf spider simulacrum (D:15)
  19 blink frogs
  4 tyrant leeches
  A harpy skeleton (D:15)
  4 raiju (Lair:6)
  8 hornets
  11 bog bodies
  A dream sheep (Lair:4)
  13 hippogriffs
  A meliai zombie (D:14)
  2 shadows
  5 spriggans
  39 yaks
  A wraith (D:13)
  A human (D:7)
  A redback (D:15)
  6 wyverns
  17 basilisks
  4 hogs (D:7)
  Eustachio (D:6)
  6 hungry ghosts
  2 steam dragons
  5 swamp worm simulacra (Swamp:4)
  18 vampire mosquitoes
  22 swamp worms
  15 insubstantial wisps
  9 wargs
  3 acid dragons (Lair:6)
  13 hell hounds (Lair:6)
  A soldier ant (D:10)
  9 hydra simulacra (Swamp:4)
  11 water moccasins
  5 porcupines
  6 swamp drakes
  42 orc warriors
  A slave (D:8)
  17 black bears
  12 ice beasts
  7 sky beasts
  A phantom (D:14)
  A necrophage (D:8)
  18 centaurs
  10 ogres
  21 wolves
  16 crocodiles
  12 bullfrogs
  15 big kobolds
  2 water moccasin zombies
  A wyvern skeleton (D:14)
  7 scorpions
  27 killer bees (Lair:3)
  5 wights (D:9)
  2 electric eels (Lair:2)
  8 howler monkeys
  2 draconian simulacra (IceCv)
  7 crimson imps
  19 orc priests
  A wyvern simulacrum (D:14)
  7 hounds
  6 jellies
  33 orc wizards
  A bullfrog skeleton (D:10)
  4 iguanas
  A spriggan simulacrum (IceCv)
  6 worker ants
  4 troll simulacra (IceCv)
  A centaur simulacrum (IceCv)
  A hound zombie (D:8)
  A hound skeleton (D:4)
  3 gnolls (D:5)
  A naga simulacrum (IceCv)
  13 adders
  An ogre simulacrum (IceCv)
  2 shadow imps
  3 swamp drake simulacra (Swamp:4)
  An ooze (D:1)
  A worm (D:2)
  An adder skeleton (D:4)
  A dart slug (D:2)
  7 leopard geckos
  132 orcs
  A ball python (D:1)
  7 bats
  9 giant cockroaches
  9 goblins
  6 hobgoblins
  12 jackals
  6 quokkas
  A frilled lizard (D:3)
  2 giant cockroach zombies
  A jackal zombie (D:5)
  24 kobolds
  A leopard gecko skeleton (D:8)
  2 leopard gecko zombies
  A quokka skeleton (D:5)
  6 rats
  A briar patch (Swamp:3)
  A fungus (Lair:5)
  A plant (Lair:6)
1070 creatures vanquished.

Vanquished Creatures (others)
  A ghost crab (Swamp:4)
  An alligator (Swamp:4)
  A spriggan druid (Swamp:2)
  3 insubstantial wisps (Swamp:4)
  2 slaves (D:8)
  An ogre (D:8)
  A briar patch (Swamp:3)
  4 fungi
  25 plants
39 creatures vanquished.

Grand Total: 1109 creatures vanquished

Notes
Turn   | Place    | Note
-------+----------+-------------------------------------------
     0 | D:1      | Peloso the Minotaur Fighter began the quest for the Orb.
     0 | D:1      | Reached XP level 1. HP: 19/19 MP: 0/0
   383 | D:1      | Reached XP level 2. HP: 27/27 MP: 1/1
   521 | D:1      | Reached skill level 4 in Shields
   931 | D:1      | Reached XP level 3. HP: 30/33 MP: 2/2
  1517 | D:2      | Reached XP level 4. HP: 40/40 MP: 3/3
  2186 | D:2      | Found a stormy altar of Qazlal.
  2347 | D:2      | Reached skill level 1 in Dodging
  2440 | D:2      | Found a shimmering blue altar of Sif Muna.
  2497 | D:3      | Reached XP level 5. HP: 22/46 MP: 4/4
  2703 | D:3      | Reached skill level 5 in Armour
  3374 | D:4      | Noticed an ogre
  3379 | D:4      | Killed an ogre
  3379 | D:4      | Reached skill level 5 in Shields
  3379 | D:4      | Reached XP level 6. HP: 53/53 MP: 5/5
  4297 | D:4      | Reached skill level 5 in Long Blades
  4498 | D:4      | Got a fine short sword
  4499 | D:4      | Lost intelligence.
  4499 | D:4      | Identified the +7 short sword of Vanity {flame, *Rage rC+++
                  | Str+6 Int-5} (You found it on level 4 of the Dungeon)
  4761 | D:5      | Entered Level 5 of the Dungeon
  4767 | D:5      | Got a shimmering dagger
  4930 | D:5      | Reached XP level 7. HP: 54/60 MP: 6/6
  4964 | D:5      | Found Ycvot's Magic Scroll Shop.
  4982 | D:5      | Bought a scroll of magic mapping for 49 gold pieces
  4982 | D:5      | Bought a scroll of teleportation for 42 gold pieces
  4982 | D:5      | Bought a scroll of remove curse for 42 gold pieces
  4982 | D:5      | Bought a scroll of amnesia for 49 gold pieces
  4982 | D:5      | Bought a scroll of magic mapping for 49 gold pieces
  5225 | D:5      | Reached skill level 6 in Shields
  5664 | D:5      | Reached skill level 5 in Fighting
  5749 | D:5      | Found a burning altar of Makhleb.
  5843 | D:6      | Found Dustu Nomne's Food Boutique.
  5950 | D:6      | Noticed Eustachio
  5954 | D:6      | Lost intelligence.
  5964 | D:6      | Killed Eustachio
  5964 | D:6      | Reached XP level 8. HP: 36/70 MP: 7/7
  6276 | D:6      | Identified the +4 dagger "Uclese" {drain, rPois rC+ Dex+7
                  | Stlth-} (You found it on level 5 of the Dungeon)
  6440 | D:7      | Found a staircase to the Ecumenical Temple.
  6498 | Temple   | Entered the Ecumenical Temple
  6615 | Temple   | Became a worshipper of Warmaster Okawaru
  6691 | D:7      | Noticed a two-headed ogre
  6853 | D:8      | Reached skill level 1 in Stealth
  6859 | D:8      | Reached * piety under Okawaru
  7194 | D:8      | Noticed a hippogriff
  7205 | D:8      | Killed a hippogriff
  7205 | D:8      | Reached skill level 1 in Short Blades
  7205 | D:8      | Reached skill level 7 in Shields
  7565 | D:8      | Reached XP level 9. HP: 69/79 MP: 8/8
  7911 | D:8      | Noticed Pikel
  7933 | D:8      | Killed Pikel
  7933 | D:8      | Reached ** piety under Okawaru
  8074 | D:8      | Found an ancient bone altar of Kikubaaqudgha.
  8099 | D:8      | Reached skill level 8 in Shields
  8374 | D:8      | Noticed Gastronok
  8376 | D:8      | Lost intelligence.
  8395 | D:8      | Killed Gastronok
  8395 | D:8      | Reached *** piety under Okawaru
  8395 | D:8      | Reached **** piety under Okawaru
  8395 | D:8      | Reached ***** piety under Okawaru
  8395 | D:8      | Reached skill level 9 in Shields
  8395 | D:8      | Reached XP level 10. HP: 58/86 MP: 9/9
  8855 | D:9      | Found a runed translucent gate.
  8856 | D:9      | Found a runed translucent gate.
  8856 | D:9      | Noticed miscthings's ghost (novice GrMo)
  8857 | D:9      | Found a runed translucent gate.
  9141 | D:9      | Reached skill level 10 in Long Blades
  9292 | D:9      | Noticed a +0 dagger
  9297 | D:9      | Noticed a +0 dagger
  9317 | D:9      | Found a hide-covered altar of Uskayaw.
  9418 | D:9      | Received a gift from Okawaru
  9418 | D:9      | Reached skill level 10 in Shields
  9648 | D:9      | Reached skill level 5 in Dodging
  9943 | D:10     | Entered Level 10 of the Dungeon
 10122 | D:10     | Reached skill level 10 in Armour
 10127 | D:10     | Reached XP level 11. HP: 80/95 MP: 10/10
 10141 | D:10     | Noticed Sonja
 10143 | D:10     | Lost intelligence.
 10382 | D:10     | Killed Sonja
 10409 | D:10     | Got a bronze chain mail
 10422 | D:10     | Identified the +3 chain mail "Ovaon" {Int+3 Slay+2} (You
                  | found it on level 10 of the Dungeon)
 10599 | D:10     | Reached skill level 11 in Shields
 10878 | D:10     | Received a gift from Okawaru
 10879 | D:10     | Found the +4 dagger "Morg" {pain, MR+ Int+5}
 11253 | D:10     | Found Bab Utih's General Store.
 11273 | D:10     | Bought a potion of heal wounds for 75 gold pieces
 11273 | D:10     | Bought a potion of curing for 45 gold pieces
 11273 | D:10     | Bought a scroll of identify for 30 gold pieces
 11348 | D:7      | Killed a two-headed ogre
 11353 | D:7      | Found a hazy altar of Hepliaklqana.
 11682 | D:7      | Found a sparkling altar of Nemelex Xobeh.
 12585 | D:10     | Reached skill level 10 in Fighting
 12619 | D:11     | Noticed a death knight
 12723 | D:11     | HP: 3/99 [death knight/+0 halberd (5)]
 12731 | D:11     | Killed a death knight
 13191 | D:11     | Found a roughly hewn altar of Beogh.
 13191 | D:11     | Found a staircase to the Orcish Mines.
 13277 | D:11     | Noticed a cyan ugly thing
 13305 | D:10     | Killed a cyan ugly thing
 13305 | D:10     | Reached skill level 12 in Shields
 13314 | D:11     | Reached ****** piety under Okawaru
 13322 | D:11     | Received a gift from Okawaru
 13481 | D:11     | Found a staircase to the Lair.
 13484 | D:11     | Found a shadowy altar of Dithmenos.
 13671 | D:12     | Found a frozen archway.
 13706 | IceCv    | Entered an ice cave
 13724 | IceCv    | Reached XP level 12. HP: 98/107 MP: 11/11
 13992 | IceCv    | Got a fine plate armour
 13998 | IceCv    | Lost intelligence.
 14007 | IceCv    | Identified the cursed +0 plate armour of Xoess {rCorr Str+3
                  | SInv} (You found it in an ice cave)
 14078 | IceCv    | Received a gift from Okawaru
 14246 | D:12     | Reached skill level 5 in Short Blades
 14668 | D:12     | You fall into a shaft and drop 2 floors!
 14669 | D:14     | Identified Roxanne's Compendium of Stones
 14669 | D:14     | Noticed Roxanne
 14684 | D:14     | Killed Roxanne
 14684 | D:14     | Reached skill level 13 in Shields
 14836 | D:14     | Received a gift from Okawaru
 14836 | D:14     | Noticed a two-headed ogre
 14863 | D:14     | Killed a two-headed ogre
 14863 | D:14     | Received a gift from Okawaru
 14874 | D:14     | Reached XP level 13. HP: 28/116 MP: 9/12
 15196 | D:14     | Found a roughly hewn altar of Beogh.
 15209 | D:14     | Reached skill level 1 in Invocations
 16135 | Lair:1   | Entered Level 1 of the Lair of Beasts
 16395 | Lair:1   | Got a twitching golden amulet
 17383 | Lair:2   | Noticed Harold
 17395 | Lair:2   | Killed Harold
 17665 | Lair:2   | Found a staircase to the Swamp.
 17705 | Lair:2   | Identified the amulet of Generosity {Spirit rF+ rN+} (You
                  | found it on level 1 of the Lair of Beasts)
 18180 | D:13     | Received a gift from Okawaru
 18282 | D:13     | Reached skill level 14 in Shields
 18383 | D:13     | Found a gate to the Vaults.
 19175 | Orc:1    | Entered Level 1 of the Orcish Mines
 19175 | Orc:1    | Noticed a stone giant
 19426 | Orc:1    | Killed a stone giant
 19609 | Orc:1    | Found Quxzonis's Antique Armour Emporium.
 19655 | Orc:1    | Noticed Jorgrun
 19677 | Orc:1    | Killed Jorgrun
 19677 | Orc:1    | Received a gift from Okawaru
 19706 | Orc:1    | Got a smoking great sword {god gift}
 20109 | Orc:1    | You fall into a shaft and drop 1 floor!
 20109 | Orc:2    | Entered Level 2 of the Orcish Mines
 20313 | Orc:2    | Found a roughly hewn altar of Beogh.
 20492 | Orc:2    | Found a staircase to the Elven Halls.
 20644 | Orc:2    | Noticed an ettin
 20651 | Orc:2    | Killed an ettin
 20651 | Orc:2    | Reached XP level 14. HP: 127/127 MP: 10/13
 20698 | Orc:2    | Found a roughly hewn altar of Beogh.
 20898 | Orc:2    | Found a runed translucent gate.
 20898 | Orc:2    | Found a runed translucent gate.
 20898 | Orc:2    | Found a runed translucent gate.
 20907 | Orc:2    | Noticed tatocazan's ghost (journeyman MiFi)
 20932 | Orc:2    | Found a roughly hewn altar of Beogh.
 20971 | Orc:2    | Found Xudwag's Distillery.
 20993 | Orc:2    | Found a roughly hewn altar of Beogh.
 20994 | Orc:2    | Found Jun Niyduu's Armour Shoppe.
 21015 | Orc:2    | Received a gift from Okawaru
 21018 | Orc:2    | Got an ancient shortbow {god gift}
 21486 | Orc:2    | Noticed Saint Roka
 21496 | Orc:2    | Noticed a stone giant
 22032 | D:9      | Killed miscthings's ghost
 22336 | D:14     | Noticed Rupert
 22349 | D:14     | Killed Rupert
 22349 | D:14     | Reached skill level 15 in Shields
 22374 | D:14     | Received a gift from Okawaru
 23282 | D:14     | Found a glowing golden altar of the Shining One.
 23317 | D:15     | Entered Level 15 of the Dungeon
 23346 | D:15     | Noticed Agnes
 23361 | D:15     | Killed Agnes
 23773 | D:15     | Found a large runed translucent door.
 23774 | D:15     | Found a large runed translucent door.
 23832 | D:15     | Received a gift from Okawaru
 23837 | D:15     | Got an iridescent falchion {god gift}
 23838 | D:15     | Identified the +0 falchion of the Vaults {freeze, rPois rC+
                  | Int-4 Dex+5} (Okawaru gifted it to you on level 15 of the
                  | Dungeon)
 23895 | D:15     | Paralysed by a wizard for 6 turns
 24158 | D:15     | Found a staircase to the Depths.
 24589 | D:15     | Found a basalt altar of Yredelemnul.
 24781 | D:15     | Found an ornate altar of the Wu Jian Council.
 24781 | D:15     | Noticed a frost giant
 24788 | D:15     | Killed a frost giant
 24788 | D:15     | Reached skill level 15 in Long Blades
 25200 | Lair:3   | Received a gift from Okawaru
 25219 | Lair:3   | Got a faintly glowing plate armour {god gift}
 25230 | Lair:3   | Identified the +7 plate armour of Kuom {Str+4} (Okawaru
                  | gifted it to you on level 3 of the Lair of Beasts)
 25676 | Lair:3   | You fall into a shaft and drop 1 floor!
 26110 | Lair:3   | Reached XP level 15. HP: 137/137 MP: 15/15
 26319 | Lair:3   | Reached skill level 16 in Shields
 26994 | Lair:3   | Identified the +5 great sword of Slow Death {freeze, rPois
                  | Int+2} (Okawaru gifted it to you on level 1 of the Orcish
                  | Mines)
 27040 | Lair:4   | Found a shadowy altar of Dithmenos.
 27521 | Lair:4   | Received a gift from Okawaru
 27553 | Lair:4   | Noticed Nergalle
 27561 | Lair:4   | Killed Nergalle
 27648 | Lair:4   | Found a hole to the Spider Nest.
 28986 | Lair:5   | Got a heavily runed plate armour
 28997 | Lair:5   | Identified the cursed +0 plate armour "Weschiaza" {rElec
                  | Regen+ Dex-2} (You found it on level 5 of the Lair of
                  | Beasts)
 29461 | Lair:6   | Entered Level 6 of the Lair of Beasts
 29500 | Lair:6   | Received a gift from Okawaru
 29557 | Lair:6   | Noticed Urug
 29571 | Lair:6   | Killed Urug
 29592 | Lair:6   | Got a fine chain mail {god gift}
 29660 | Lair:6   | Identified the +6 chain mail of Oca Uki {*Corrode Str+5
                  | Int+6} (Okawaru gifted it to you on level 6 of the Lair of
                  | Beasts)
 29980 | Lair:6   | Reached skill level 15 in Fighting
 30441 | Lair:6   | Reached skill level 17 in Shields
 30483 | Lair:6   | Found a staircase to the Slime Pits.
 30652 | Lair:6   | Reached skill level 15 in Armour
 30769 | Lair:6   | Reached XP level 16. HP: 133/149 MP: 16/16
 31280 | Lair:6   | Received a gift from Okawaru
 31719 | Lair:6   | Got an iridescent short sword {god gift}
 32320 | D:13     | Identified the +4 shortbow "Ovocwo Kash" {flame, rElec}
                  | (Okawaru gifted it to you on level 2 of the Orcish Mines)
 32323 | D:13     | Identified the +0 short sword "Ozac" {vorpal, *Slow +Blink
                  | rF+ rN+++} (Okawaru gifted it to you on level 6 of the Lair
                  | of Beasts)
 32546 | Orc:2    | Killed Saint Roka
 32673 | Orc:2    | Found a roughly hewn altar of Beogh.
 32677 | Orc:2    | Found Myepuc's Armour Emporium.
 32761 | Orc:2    | Found Otous's Antique Weapon Boutique.
 32764 | Orc:2    | Found a roughly hewn altar of Beogh.
 32772 | Orc:2    | Found Panot's Antique Armour Shop.
 32834 | Orc:2    | Bought a jewelled long sword for 221 gold pieces
 32836 | Orc:2    | Identified the +8 long sword of the Orb {vorpal, rElec}
                  | (You bought it in a shop on level 2 of the Orcish Mines)
 32868 | Orc:2    | Found a roughly hewn altar of Beogh.
 33116 | Orc:2    | Killed tatocazan's ghost
 33116 | Orc:2    | Received a gift from Okawaru
 33116 | Orc:2    | Reached skill level 1 in Evocations
 33126 | Orc:2    | Got a glimmering dagger {god gift}
 33292 | Orc:1    | Found Econgoc's Assorted Antiques.
 33500 | Orc:2    | Identified the +8 dagger of Kemm {elec, SInv} (Okawaru
                  | gifted it to you on level 2 of the Orcish Mines)
 33635 | Swamp:1  | Entered Level 1 of the Swamp
 35091 | Swamp:2  | Noticed a thorn hunter
 35310 | Swamp:1  | Received a gift from Okawaru
 35779 | Swamp:1  | Killed a thorn hunter
 35779 | Swamp:1  | Reached skill level 18 in Shields
 36691 | Swamp:2  | Found a runed translucent door.
 38056 | Swamp:3  | Noticed a thorn hunter
 38077 | Swamp:3  | Killed a thorn hunter
 38174 | Swamp:3  | Noticed a thorn hunter
 38191 | Swamp:3  | Killed a thorn hunter
 38191 | Swamp:3  | Received a gift from Okawaru
 38684 | Swamp:3  | Reached XP level 17. HP: 159/159 MP: 18/18
 39485 | Swamp:4  | Entered Level 4 of the Swamp
 39550 | Swamp:4  | Found a transporter.
 39568 | Swamp:4  | Identified the +7 broad axe of Unpleasantness {antimagic,
                  | Str+2 Dex+4}
 39570 | Swamp:4  | Noticed ohados's ghost (adept NaIE)
 39571 | Swamp:4  | Identified the +1 quick blade of the Sage {drain, rN+
                  | Dex+3}
 39572 | Swamp:4  | Found a bloodstained altar of Trog.
 39610 | Swamp:4  | Found a transporter.
 39806 | Swamp:4  | Reached skill level 19 in Shields
 39892 | Swamp:4  | Received a gift from Okawaru
 39926 | Swamp:4  | Got a scorched long sword {god gift}
 39927 | Swamp:4  | Identified the +10 long sword "Ichas" {vorpal, +Inv rElec
                  | rC- Str+2} (Okawaru gifted it to you on level 4 of the
                  | Swamp)
 40802 | Swamp:4  | Demolished by a seven-headed hydra simulacrum

Illustrated notes

Levels and vault maps discovered:
D:1:      dpeg_arrival_tiny_j, layout_basic, minmay_small_reverse_x
D:2:      cheibrodos_old_hovel, layout_loops_ring, led_sif_pool, first_ration,
          nicolae_qazlal_eye_of_the_storm
D:3:      mumra_celtic_spiral_tile, layout_rooms
D:4:      layout_layer_cave
D:5:      layout_loops_cross, lemuel_coloured_pillars_altar, serial_shops,
          nicolae_shop_behind_doors
D:6:      layout_gridville, serial_shops, kennysheep_mini_moat, uniq_eustachio
D:7:      layout_basic, old_standard_altar, minmay_temple_entry_grid,
          grunt_livestock, hex_large, nemelex_spade_bored_becter
D:8:      layout_loops_ring, nicolae_overflow_crystal_walls, uniq_pikel,
          uniq_gastronok
D:9:      layout_small_grid, dancing_weapons_uskayaw,
          gammafunk_ghost_nasty_kobolds, hangedman_decor_peaks_small
D:10:     layout_rooms, serial_shops, kennysheep_little_box, uniq_sonja
D:11:     layout_rooms, lair_entry_dummy, david_orc_5, grunt_dithmenos_smoke
D:12:     layout_gridville, portal_ice_cave_entry_pillars_1, ice2_lemuel
D:13:     layout_gridville, erik_vaults_1
D:14:     layout_layer_cave, special_room [special_room_orc],
          nicolae_tso_swordbearing_angel, st_stairs_11, uniq_rupert,
          uniq_roxanne
D:15:     hangedman_depths_entry_try_elsewhere_first, layout_irregular_city,
          jmf_multi_god_temple2, uniq_agnes
Temple:   nicolae_temple_elliptical
Lair:1:   layout_chaotic_city, grunt_megastairs_5
Lair:2:   layout_long_grid, skrybe_swamp_entry_bodies, serial_bayou_lagoon_b,
          serial_bayou_shore_b, uniq_harold
Lair:3:   regret_index_combs_of_tragedy, layout_regular_city
Lair:4:   layout_cave_pods, nicolae_spider_entry_orb_guardian, basic_altar,
          serial_bayou_pond_a, beast_lair_carwin_9, lemuel_fruit_tree,
          uniq_nergalle
Lair:5:   layout_cave_pods, kennysheep_basilisk_garden
Lair:6:   hangedman_lair_caniforms_friends, layout_small_grid,
          guppyfry_lair_end_dragon, minmay_slime_entry_oklob_open,
          infiniplex_staircase_pool_2, uniq_urug
Swamp:1:  layout_basic_swamp, hangedman_swamp_pad
Swamp:2:  gammafunk_mikee_crab_dinner, layout_basic_swamp,
          hangedman_swamp_diagram, swamp_pool2, infiniplex_staircase_pool
Swamp:3:  layout_basic_swamp, hangedman_swamp_blocks
Swamp:4:  swamp_icy, layout_basic_swamp, gammafunk_ghost_wrathful_warriors
Orc:1:    layout_caves, serial_shops, shop_fountains,
          nicolae_shop_temple_entry_statues_fountains, nicolae_orc_lava_room,
          uniq_jorgrun
Orc:2:    grunt_orc_community_town_hall, layout_caves,
          grunt_orc_community_big_house_1, grunt_orc_community_big_house_1,
          grunt_orc_community_house_1, grunt_orc_community_house_1,
          grunt_orc_community_house_1, grunt_orc_community_house_3,
          grunt_orc_community_house_3, serial_shops, nicolae_shop_waterfront,
          maelrawn_ghost_gauntlet_escape

Skill      XL: |  1  2  3  4  5  6  7  8  9 10 11 12 13 14 15 16 17 |
---------------+----------------------------------------------------+-----
Armour         | 4 5 6 7 9 10 11 12 14 15 16 | 16.2
Shields        | 4 5 6 7 9 10 12 13 14 15 17 18 19 | 19.2
Long Blades    | 3 4 5 6 7 9 10 12 14 15 16 17 | 17.3
Fighting       | 4 5 7 8 9 10 11 12 13 15 16 | 16.8
Dodging        | 1 2 3 4 5 6 7 |  7.2
Stealth        | 1 2 |  2.3
Short Blades   | 1 2 7 |  7.4
Invocations    | 1 2 3 |  3.1
Evocations     | 1 |  1.0

Action                   |  1- 3 |  4- 6 |  7- 9 | 10-12 | 13-15 | 16-18 || total
-------------------------+-------+-------+-------+-------+-------+-------++-------
Melee: Long sword        |   102 |   163 |   216 |   513 |       |    84 ||  1078
       Headbutt          |    14 |    22 |    61 |   243 |   458 |   286 ||  1084
       Short sword       |       |     5 |    20 |   257 |       |       ||   282
       Scimitar          |       |       |       |    35 |  1056 |   580 ||  1671
       Demon blade       |       |       |       |       |   380 |   152 ||   532
Invok: Heroism           |       |       |     2 |     5 |    19 |    11 ||    37
Evoke: Wand              |       |     2 |       |       |     3 |     3 ||     8
  Use: Potion            |     5 |     1 |       |     9 |     6 |     2 ||    23
       Scroll            |       |     2 |     4 |    11 |    15 |     8 ||    40
  Eat: Chunk             |     2 |     8 |     9 |    26 |    37 |    21 ||   103
       Ration            |       |     1 |     1 |     1 |     4 |     3 ||    10
Armor: Scale mail        |    54 |   114 |   101 |    24 |       |       ||   293
       Plate armour      |       |       |       |   149 |   518 |   391 ||  1058
       Chain mail        |       |       |       |   235 |   116 |       ||   351
Dodge: Dodged            |    31 |    71 |    90 |   265 |   483 |   322 ||  1262
Block: Kite shield       |    64 |   106 |   126 |   561 |  1061 |   614 ||  2532
       Rpst.: Long sword |     9 |    11 |    23 |    44 |       |     9 ||    96
       Scimitar          |       |       |       |     1 |    90 |    47 ||   138
       Demon blade       |       |       |       |       |    22 |    12 ||    34
